 Dungeon Crawl Stone Soup version 0.26-b1-57-gb162d0664a (webtiles) character file.

Game seed: 14052687899605121277

42 DearestLeader the Chopper (level 3, -2/29 (30) HPs)
             Began as a Minotaur Gladiator on Jan 8, 2021.
             Slain by a gnoll
             ... wielding a +0 spear
              (5 damage)
             ... on level 2 of the Dungeon.
             The game lasted 00:01:00 (925 turns).

DearestLeader the Chopper (Minotaur Gladiator)       Turns: 925, Time: 00:01:01

HP:   -2/29 (30)    AC:  3    Str: 19    XL:     3   Next: 33%
MP:   2/2           EV: 12    Int:  5    God:
Gold: 55            SH:  0    Dex: 11    Spells: 2/2 levels left

rFire    . . .     SeeInvis .   a - +0 war axe
rCold    . . .     Faith    .   (no shield)
rNeg     . . .     Spirit   .   b - +0 leather armour
rPois    .         Reflect  .   c - +0 hat
rElec    .         Harm     .   (no cloak)
rCorr    .         Rampage  .   (no gloves)
Will     .....                  (no boots)
Stlth    +.........             (no amulet)
HPRegen  0.09/turn              (no ring)
MPRegen  0.08/turn              (no ring)

@: lightly drained
A: retaliatory headbutt, horns 2
a: no special abilities


You were on level 2 of the Dungeon.
You visited 1 branch of the dungeon, and saw 2 of its levels.

You collected 55 gold pieces.

Inventory:

Hand Weapons
 a - a +0 war axe (weapon)
Missiles
 d - 3 throwing nets (quivered)
Armour
 b - a +0 leather armour (worn)
 c - a +0 hat (worn)
Scrolls
 f - a scroll of remove curse {unknown}
 g - a scroll of amnesia {unknown}
 h - a scroll of blinking {unknown}
 k - 2 scrolls of random uselessness {unknown}
Potions
 e - 2 potions of mutation {unknown}
 i - a potion of lignification {unknown}
 j - a potion of heal wounds {unknown}


   Skills:
 - Level 2.4 Fighting
 * Level 5.4 Axes
 - Level 2.0 Throwing
 - Level 3.2 Dodging


You had 2 spell levels left.
You didn't know any spells.
Your spell library was empty.

Dungeon Overview and Level Annotations

Branches:
Dungeon (2/15)

Altars:


Innate Abilities, Weirdness & Mutations

You reflexively headbutt those who attack you in melee.
You have a pair of horns on your head.


Message History

The kobold shouts!
The gnoll hits you with a +0 spear.
You barely miss the gnoll. Your headbutt misses the gnoll.
A bat comes into view.
The gnoll completely misses you. x2; The bat moves out of view.
You barely miss the gnoll. You slash the gnoll! You barely miss the gnoll.
The gnoll barely misses you.
A rat comes into view.
The gnoll closely misses you. The gnoll barely misses you.
You hit the gnoll.
The gnoll is severely wounded.
You hit the gnoll. You closely miss the gnoll. You barely miss the gnoll.
The gnoll hits you with a +0 club! The gnoll hits you with a +0 spear!
The gnoll hits you but does no damage.
The gnoll hits you with a +0 flail of draining!
* * * LOW HITPOINT WARNING * * *
You feel drained.
* * * LOW HITPOINT WARNING * * *
The gnoll hits you from afar with a +0 spear.
You die...

......#.. ..>........ ...
.......... ###..
......#..######.... ♣
......#...........# .♣
......#.....#..#..##.####
.....##......#...........
..........##..#..........
..........###...@.g......
...#........###.g.gK..r..
..............#...g......
.#..)...........$........
...........####.####.....
...........# #... .####
...........# #..... #
............ #......#
###.........# .....#..


You could see 4 gnolls, a kobold and a rat.

Vanquished Creatures
  An adder (D:2)
  2 worms (D:2)
  A ball python (D:1)
  4 giant cockroaches
  4 goblins (D:1)
  3 hobgoblins
  2 jackals (D:1)
  2 kobolds
  A quokka (D:2)
  2 frilled lizards
  A rat (D:1)
23 creatures vanquished.

Vanquished Creatures (others)
  2 plants (D:2)
2 creatures vanquished.

Grand Total: 25 creatures vanquished

Notes
Turn   | Place    | Note
-------+----------+-------------------------------------------
     0 | D:1      | DearestLeader the Minotaur Gladiator began the quest for
                  | the Orb.
     0 | D:1      | Reached XP level 1. HP: 18/18 MP: 0/0
    88 | D:1      | Reached skill level 4 in Axes
   260 | D:1      | Reached XP level 2. HP: 25/25 MP: 1/1
   805 | D:2      | Reached skill level 5 in Axes
   805 | D:2      | Reached XP level 3. HP: 27/30 MP: 2/2
   925 | D:2      | Slain by a gnoll

Illustrated notes

Levels and vault maps discovered:
D:1:      dpeg_arrival_round_c, layout_loops_ring, minmay_misc_feat_hallway
D:2:      layout_rooms, general_overflow_altar, serial_forest,
          infiniplex_forest_pool, infiniplex_forest_clump_medium,
          infiniplex_forest_zigzag_2, infiniplex_forest_clump_diagonal,
          infiniplex_forest_split, infiniplex_forest_lined_corner

Skill      XL: |  1  2 |
---------------+-------+-----
Axes           | 4 5 |  5.4
Fighting       | |  2.4
Throwing       | |  2.0
Dodging        | |  3.2

Action                   || total
-------------------------++-------
Melee: War axe           ||    42
       Headbutt          ||     7
Armor: Leather armour    ||    10
Dodge: Dodged            ||    35
